[ AOE2 MATCH · #495772268 ]
UnrankedWei vs Khitans
Player's team · WIN
Rival team · LOSS
[ REPLAY ANALYSIS · EXTRACTED FROM THE RECORDED GAME ]
Feudal
8:51
Castle
18:52
Imperial
—
| APM avg | 63.4 |
| APM peak | 141 |
| eAPM avg | 34.9 |
| Villagers / military | 143 / 28 |
Focus
⚔️ 49.1% · 🌾 50.9%
Unknown (1952) ×53 · Spearman ×27 · Unknown (1944) ×11 · Scout Cavalry ×1
Feudal
8:30
Castle
20:28
Imperial
—
| APM avg | 96.5 |
| APM peak | 153 |
| eAPM avg | 51.6 |
| Villagers / military | 82 / 77 |
Focus
⚔️ 73.0% · 🌾 27.0%
Scout Cavalry ×70 · Iron Pagoda ×5 · Spearman ×2
Match map
Initial resources + every placement click. Lines = walls · curves = elevation contours. ◆ gold · ⬟ stone · ● berries · ✦ relic · ◌ wall gap
Your base· ✓ Closed at 18:52 · 18t walls · no gate
Prof. Ciro Marchesi's base· ✓ Closed at 20:28 · 52t walls · 1 gate(s)
Smoothed initial terrain · ◌ = detected wall gap · hover for details
Inputs per minute
— Baldeitus - - Prof. Ciro Marchesi
Build order — Baldeitus
First 150 of 334 actions detected
| 0:00 | Create | Villager (Male) |
| 0:00 | Create | Villager (Male) |
| 0:02 | Build | House |
| 0:03 | Build | House |
| 0:06 | Create | Villager (Male) |
| 0:06 | Create | Villager (Male) |
| 0:07 | Create | Villager (Male) |
| 1:23 | Create | Villager (Male) |
| 1:23 | Create | Villager (Male) |
| 1:47 | Create | Villager (Male) |
| 1:48 | Create | Villager (Male) |
| 2:16 | Create | Villager (Male) |
| 2:17 | Create | Villager (Male) |
| 2:22 | Build | Lumber Camp |
| 2:50 | Create | Villager (Male) |
| 2:50 | Create | Villager (Male) |
| 2:52 | Create | Villager (Male) |
| 2:53 | Create | Villager (Male) |
| 3:06 | Create | Villager (Male) |
| 3:07 | Create | Villager (Male) |
| 3:27 | Create | Villager (Male) |
| 3:27 | Create | Villager (Male) |
| 3:41 | Create | Villager (Male) |
| 3:42 | Create | Villager (Male) |
| 3:53 | Build | House |
| 4:00 | Create | Villager (Male) |
| 4:00 | Create | Villager (Male) |
| 4:19 | Create | Villager (Male) |
| 4:19 | Create | Villager (Male) |
| 4:34 | Create | Villager (Male) |
| 5:02 | Create | Villager (Male) |
| 5:03 | Create | Villager (Male) |
| 5:13 | Create | Villager (Male) |
| 5:13 | Create | Villager (Male) |
| 5:20 | Build | Mill |
| 5:45 | Research | Loom |
| 5:46 | Research | Loom |
| 5:46 | Research | Loom |
| 6:16 | Create | Villager (Male) |
| 6:32 | Research | Feudal Age |
| 6:32 | Research | Feudal Age |
| 8:08 | Build | Barracks |
| 8:18 | Build | House |
| 8:32 | Create | Villager (Male) |
| 8:51 | Age | Feudal Age |
| 8:54 | Build | Stable |
| 8:56 | Research | Double-Bit Axe |
| 8:57 | Create | Villager (Male) |
| 9:02 | Create | Villager (Male) |
| 9:14 | Build | House |
| 9:14 | Create | Villager (Male) |
| 9:17 | Research | Horse Collar |
| 9:25 | Create | Villager (Male) |
| 9:28 | Build | Palisade Wall |
| 9:39 | Build | House |
| 9:44 | Create | Scout Cavalry |
| 9:44 | Create | Villager (Male) |
| 9:47 | Build | Palisade Wall |
| 9:49 | Create | Spearman |
| 9:52 | Create | Villager (Male) |
| 10:13 | Build | House |
| 10:15 | Build | Palisade Wall |
| 10:20 | Create | Villager (Male) |
| 10:25 | Build | Farm |
| 10:42 | Create | Spearman |
| 10:54 | Build | Palisade Wall |
| 11:15 | Create | Villager (Male) |
| 11:23 | Create | Villager (Male) |
| 11:32 | Build | House |
| 11:38 | Build | Farm |
| 11:39 | Build | Farm |
| 11:43 | Build | House |
| 11:48 | Build | Farm |
| 11:49 | Build | Farm |
| 12:01 | Create | Villager (Male) |
| 12:13 | Create | Villager (Male) |
| 12:23 | Build | Blacksmith |
| 12:24 | Create | Villager (Male) |
| 12:37 | Create | Villager (Male) |
| 12:41 | Build | Mining Camp |
| 12:57 | Create | Villager (Male) |
| 13:18 | Build | Market |
| 13:24 | Create | Villager (Male) |
| 13:26 | Build | Farm |
| 13:32 | Build | House |
| 13:43 | Create | Villager (Male) |
| 13:46 | Build | Farm |
| 13:47 | Create | Villager (Male) |
| 13:58 | Build | Farm |
| 14:00 | Build | Farm |
| 14:01 | Create | Villager (Male) |
| 14:25 | Build | Farm |
| 14:25 | Create | Villager (Male) |
| 14:32 | Build | Farm |
| 15:28 | Create | Villager (Male) |
| 15:48 | Build | Archery Range |
| 15:50 | Build | Archery Range |
| 15:55 | Build | Palisade Wall |
| 16:12 | Research | Castle Age |
| 16:13 | Research | Castle Age |
| 16:15 | Build | Lumber Camp |
| 16:38 | Build | House |
| 16:39 | Create | Spearman |
| 16:48 | Research | Fletching |
| 17:02 | Build | House |
| 17:11 | Build | House |
| 17:12 | Create | Spearman |
| 17:12 | Create | Spearman |
| 17:44 | Create | Spearman |
| 17:55 | Build | Farm |
| 17:55 | Build | Farm |
| 17:55 | Build | Farm |
| 17:55 | Build | Farm |
| 17:56 | Build | Farm |
| 17:58 | Build | House |
| 17:58 | Build | House |
| 18:24 | Build | House |
| 18:24 | Build | Palisade Wall |
| 18:36 | Research | Bloodlines |
| 18:36 | Research | Bloodlines |
| 18:52 | Age | Castle Age |
| 18:57 | Create | Unit 1952 |
| 18:57 | Create | Unit 1952 |
| 18:57 | Create | Unit 1952 |
| 18:59 | Create | Villager (Male) |
| 19:01 | Create | Villager (Male) |
| 19:14 | Research | Bodkin Arrow |
| 19:14 | Research | Bodkin Arrow |
| 19:17 | Research | Gold Mining |
| 19:17 | Research | Gold Mining |
| 19:25 | Create | Villager (Male) |
| 19:26 | Create | Unit 1952 |
| 19:26 | Create | Unit 1952 |
| 19:40 | Create | Villager (Male) |
| 19:45 | Create | Unit 1952 |
| 19:45 | Create | Unit 1952 |
| 19:52 | Create | Villager (Male) |
| 19:57 | Build | Farm |
| 20:03 | Create | Villager (Male) |
| 20:13 | Research | Bow Saw |
| 20:13 | Research | Bow Saw |
| 20:32 | Create | Unit 1952 |
| 20:37 | Create | Villager (Male) |
| 20:38 | Create | Villager (Male) |
| 20:49 | Create | Unit 1952 |
| 20:58 | Create | Unit 1952 |
| 21:06 | Create | Villager (Male) |
| 21:09 | Build | Farm |
| 21:13 | Create | Villager (Male) |
| 21:21 | Create | Unit 1952 |
Build order — Prof. Ciro Marchesi
First 150 of 241 actions detected
| 0:00 | Create | Villager (Male) |
| 0:02 | Build | House |
| 0:04 | Build | House |
| 0:07 | Build | House |
| 0:08 | Create | Villager (Male) |
| 0:09 | Create | Villager (Male) |
| 0:10 | Create | Villager (Male) |
| 1:08 | Research | Loom |
| 1:21 | Create | Villager (Male) |
| 2:02 | Create | Villager (Male) |
| 2:03 | Build | Lumber Camp |
| 2:26 | Create | Villager (Male) |
| 2:47 | Create | Villager (Male) |
| 3:13 | Create | Villager (Male) |
| 3:34 | Create | Villager (Male) |
| 3:53 | Build | House |
| 3:57 | Create | Villager (Male) |
| 4:22 | Build | Mill |
| 4:28 | Build | Mill |
| 4:32 | Create | Villager (Male) |
| 4:36 | Create | Villager (Male) |
| 5:12 | Create | Villager (Male) |
| 5:52 | Research | Loom |
| 6:18 | Research | Feudal Age |
| 7:15 | Build | Barracks |
| 7:26 | Build | House |
| 7:46 | Create | Villager (Male) |
| 8:30 | Age | Feudal Age |
| 8:33 | Build | Stable |
| 8:38 | Build | House |
| 8:41 | Create | Villager (Male) |
| 8:43 | Research | Double-Bit Axe |
| 8:46 | Research | Tech 1014 |
| 9:00 | Create | Villager (Male) |
| 9:01 | Research | Double-Bit Axe |
| 9:04 | Create | Villager (Male) |
| 9:23 | Create | Scout Cavalry |
| 9:26 | Build | Pasture |
| 9:40 | Create | Villager (Male) |
| 9:56 | Build | Pasture |
| 10:03 | Create | Villager (Male) |
| 10:04 | Create | Villager (Male) |
| 10:13 | Create | Spearman |
| 10:22 | Build | House |
| 10:23 | Build | House |
| 10:27 | Build | House |
| 10:28 | Build | Palisade Wall |
| 10:38 | Create | Villager (Male) |
| 10:38 | Create | Villager (Male) |
| 10:47 | Build | Palisade Wall |
| 10:51 | Create | Villager (Male) |
| 11:14 | Create | Villager (Male) |
| 11:15 | Create | Villager (Male) |
| 11:27 | Create | Scout Cavalry |
| 11:32 | Build | Pasture |
| 11:34 | Create | Spearman |
| 11:51 | Create | Villager (Male) |
| 12:00 | Create | Scout Cavalry |
| 12:02 | Build | Pasture |
| 12:02 | Create | Villager (Male) |
| 12:07 | Build | Palisade Wall |
| 12:11 | Build | Palisade Wall |
| 12:18 | Create | Villager (Male) |
| 12:26 | Create | Villager (Male) |
| 12:33 | Create | Villager (Male) |
| 12:39 | Create | Scout Cavalry |
| 12:44 | Create | Villager (Male) |
| 12:49 | Build | Palisade Wall |
| 12:56 | Create | Villager (Male) |
| 12:56 | Create | Villager (Male) |
| 13:02 | Build | Blacksmith |
| 13:06 | Build | Palisade Gate |
| 13:09 | Build | House |
| 13:18 | Build | Palisade Wall |
| 13:18 | Create | Villager (Male) |
| 13:25 | Create | Scout Cavalry |
| 13:28 | Create | Villager (Male) |
| 13:47 | Create | Villager (Male) |
| 14:09 | Build | Pasture |
| 14:10 | Create | Villager (Male) |
| 14:11 | Create | Villager (Male) |
| 14:14 | Build | Pasture |
| 14:15 | Create | Villager (Male) |
| 14:19 | Build | Mining Camp |
| 14:24 | Build | Palisade Wall |
| 14:34 | Research | Forging |
| 14:38 | Create | Villager (Male) |
| 14:39 | Create | Villager (Male) |
| 14:43 | Build | House |
| 14:52 | Create | Scout Cavalry |
| 15:03 | Create | Villager (Male) |
| 15:04 | Build | Pasture |
| 15:05 | Create | Villager (Male) |
| 15:11 | Create | Scout Cavalry |
| 15:17 | Create | Villager (Male) |
| 15:17 | Create | Villager (Male) |
| 15:18 | Build | Palisade Gate |
| 15:38 | Create | Villager (Male) |
| 15:43 | Build | Pasture |
| 15:45 | Create | Villager (Male) |
| 16:01 | Create | Villager (Male) |
| 16:40 | Create | Villager (Male) |
| 16:45 | Build | Lumber Camp |
| 16:47 | Create | Scout Cavalry |
| 17:16 | Build | Stable |
| 17:46 | Build | Pasture |
| 17:48 | Research | Castle Age |
| 17:49 | Research | Castle Age |
| 18:04 | Create | Scout Cavalry |
| 18:10 | Build | House |
| 18:12 | Build | House |
| 18:18 | Create | Scout Cavalry |
| 18:27 | Build | Pasture |
| 18:34 | Create | Scout Cavalry |
| 18:48 | Create | Scout Cavalry |
| 18:56 | Create | Villager (Male) |
| 19:03 | Build | Pasture |
| 19:10 | Create | Scout Cavalry |
| 19:23 | Build | Market |
| 19:32 | Research | Scale Barding Armor |
| 19:35 | Build | House |
| 19:41 | Create | Scout Cavalry |
| 19:41 | Create | Scout Cavalry |
| 19:46 | Create | Villager (Male) |
| 19:56 | Create | Villager (Male) |
| 20:04 | Build | Pasture |
| 20:05 | Create | Scout Cavalry |
| 20:05 | Create | Scout Cavalry |
| 20:17 | Create | Villager (Male) |
| 20:28 | Age | Castle Age |
| 20:31 | Research | Iron Casting |
| 20:31 | Research | Light Cavalry (upgrade) |
| 20:32 | Research | Light Cavalry (upgrade) |
| 20:38 | Build | Stable |
| 20:46 | Research | Husbandry |
| 20:47 | Create | Villager (Male) |
| 20:54 | Create | Villager (Male) |
| 21:01 | Create | Villager (Male) |
| 21:08 | Create | Scout Cavalry |
| 21:13 | Create | Villager (Male) |
| 21:22 | Create | Villager (Male) |
| 21:29 | Create | Villager (Male) |
| 21:36 | Build | Watch Tower |
| 21:40 | Create | Villager (Male) |
| 22:10 | Create | Villager (Male) |
| 22:11 | Create | Scout Cavalry |
| 22:11 | Create | Scout Cavalry |
| 22:13 | Create | Scout Cavalry |
| 22:13 | Create | Scout Cavalry |
| 22:18 | Create | Villager (Male) |
Match timeline
| 7:15 | Prof. Ciro Marchesi · first_building Barracks |
| 8:08 | Baldeitus · first_building Barracks |
| 8:30 | Prof. Ciro Marchesi · age_up feudal |
| 8:33 | Prof. Ciro Marchesi · first_building Stable |
| 8:51 | Baldeitus · age_up feudal |
| 8:54 | Baldeitus · first_building Stable |
| 9:28 | Baldeitus · wall_segment Palisade Wall x1 |
| 9:47 | Baldeitus · wall_segment Palisade Wall x13 |
| 10:15 | Baldeitus · wall_segment Palisade Wall x2 |
| 10:28 | Prof. Ciro Marchesi · wall_segment Palisade Wall x4 |
| 10:47 | Prof. Ciro Marchesi · wall_segment Palisade Wall x10 |
| 10:54 | Baldeitus · wall_segment Palisade Wall x1 |
| 12:07 | Prof. Ciro Marchesi · wall_segment Palisade Wall x1 |
| 12:11 | Prof. Ciro Marchesi · wall_segment Palisade Wall x12 |
| 12:49 | Prof. Ciro Marchesi · wall_segment Palisade Wall x15 |
| 13:18 | Prof. Ciro Marchesi · wall_segment Palisade Wall x2 |
| 14:24 | Prof. Ciro Marchesi · wall_segment Palisade Wall x9 |
| 15:48 | Baldeitus · first_building Archery Range |
| 15:55 | Baldeitus · wall_segment Palisade Wall x1 |
| 18:24 | Baldeitus · wall_segment Palisade Wall x1 |
| 18:52 | Baldeitus · age_up castle |
| 19:15 | Baldeitus · first_market_sell 100 wood |
| 19:16 | Baldeitus · first_market_buy 100 food |
| 20:28 | Prof. Ciro Marchesi · age_up castle |
| 20:29 | Prof. Ciro Marchesi · first_market_buy 100 food |
| 22:33 | Prof. Ciro Marchesi · first_market_sell 100 wood |
| 24:34 | Prof. Ciro Marchesi · wall_segment Palisade Wall x9 |
| 26:18 | Prof. Ciro Marchesi · first_building Siege Workshop |
| 26:22 | Baldeitus · wall_segment Palisade Wall x1 |
| 31:14 | Prof. Ciro Marchesi · resign |
[ AI ANALYSIS · 1 CREDIT ]
What really happened in this match?
Wolo.gg analyzes every decision: build order, eco, micro, common mistakes by bracket. Personalized analysis on WhatsApp or Discord in 30 seconds.
Civ guide
Wei
Perfil
Jugador #1249720